| TOP OF THE 1ST |
|
Bluefield Blue Jays batting - Pitching for Great Falls Voyagers : LHP Phil Peterson
|
|
Pitching: LHP Phil Peterson
|
|
|
Batting: RHB Justin Geiger
|
0-0: Called Strike 0-1: Ball 1-1: Ball 2-1: Ground out 6-3 (Groundball, 6, EV 99.4 MPH)
|
|
Batting: SHB Ryan Chicoine
|
0-0: Ball 1-0: Ball 2-0: Ground out 5-3 (Groundball, 56, EV 81.2 MPH)
|
|
Batting: RHB Taylor Peavey
|
0-0: Called Strike 0-1: Ball 1-1: SINGLE (Line Drive, 6MD, EV 98.8 MPH)
|
|
Batting: RHB Jordan Fairburn
|
0-0: Ball 1-0: Ball 2-0: Called Strike 2-1: Swinging Strike 2-2: Foul Ball, location: 2F 2-2: Ball 3-2: Base on Balls Taylor Peavey to second
|
|
Batting: SHB Jack Andrews
|
0-0: Ball 1-0: Swinging Strike 1-1: Called Strike 1-2: Ball 2-2: Foul Ball, location: 2F 2-2: Strikes out swinging
|
| Top of the 1st over - 0 runs, 1 hit, 0 errors, 2 left on base; Bluefield 0 - Great Falls 0 |
| BOTTOM OF THE 1ST |
|
Great Falls Voyagers batting - Pitching for Bluefield Blue Jays : LHP Jon Moore
|
|
Pitching: LHP Jon Moore
|
|
|
Batting: RHB Josh Newby
|
0-0: Ball 1-0: Called Strike 1-1: Ball 2-1: Ground out 1-3 (Groundball, 13S, EV 71.2 MPH)
|
|
Batting: RHB Andy Cotton
|
0-0: Called Strike 0-1: Swinging Strike 0-2: Foul Ball, location: 2F 0-2: Foul Ball, location: 2F 0-2: Ball 1-2: Ball 2-2: Foul Ball, location: 2F 2-2: Ball 3-2: SOLO HOME RUN (Flyball, 78XD, EV 101.9 MPH), Distance : 413 ft
|
|
Batting: RHB Vic Lucatero
|
0-0: Foul Ball, location: 2F 0-1: Swinging Strike 0-2: Ball 1-2: Strikes out looking
|
|
Batting: LHB Carlos Ramirez
|
0-0: Ball 1-0: Ball 2-0: SOLO HOME RUN (Flyball, 9D, EV 96.9 MPH), Distance : 363 ft
|
|
Batting: LHB Josh Pittman
|
0-0: Ball 1-0: Ball 2-0: Called Strike 2-1: Foul Ball, location: 2F 2-2: Ball 3-2: Ground out 4-3 (Groundball, 4, EV 108.1 MPH)
|
| Bottom of the 1st over - 2 runs, 2 hits, 0 errors, 0 left on base; Bluefield 0 - Great Falls 2 |
| TOP OF THE 2ND |
|
Bluefield Blue Jays batting - Pitching for Great Falls Voyagers : LHP Phil Peterson
|
|
Batting: RHB Mike Johnson
|
0-0: Swinging Strike 0-1: Foul Ball, location: 2F 0-2: Ball 1-2: Ball 2-2: TRIPLE (Flyball, 78XD, EV 95.6 MPH)
|
|
Batting: RHB Wade Diamond
|
0-0: Ball 1-0: Foul Ball, location: 2F 1-1: Ball 2-1: SINGLE (Groundball, 6MD, EV 96.9 MPH) Mike Johnson scores
|
|
Batting: RHB Rich Cracchiolo
|
0-0: Ball 1-0: Foul Ball, location: 2F 1-1: Ball 2-1: Ball 3-1: SINGLE (Groundball, 6S, EV 69.4 MPH) (infield hit) Wade Diamond to second
|
|
Batting: RHB Tokuji Kawabata
|
0-0: Fielders Choice at 2nd, 5-4 (Groundball, 56, EV 90.0 MPH) Wade Diamond to third
|
|
Batting: RHB Justin Geiger
|
0-0: Ball 1-0: Called Strike 1-1: Ball 2-1: Ball 3-1: SINGLE (Flyball, 3D, EV 96.2 MPH) Wade Diamond scores Tokuji Kawabata to second
|
|
Batting: SHB Ryan Chicoine
|
0-0: Called Strike 0-1: Ball 1-1: Ball 2-1: Ball 3-1: Base on Balls Tokuji Kawabata to third Justin Geiger to second
|
|
Batting: RHB Taylor Peavey
|
0-0: Ball 1-0: Ball 2-0: Ball 3-0: Called Strike 3-1: Foul Ball, location: 2F 3-2: Base on Balls Tokuji Kawabata scores Justin Geiger to third Ryan Chicoine to second
|
|
Batting: RHB Jordan Fairburn
|
0-0: Foul Ball, location: 2F 0-1: Ball 1-1: Swinging Strike 1-2: Ball 2-2: Foul Ball, location: 2F 2-2: SINGLE (Line Drive, 3D, EV 110.6 MPH) Justin Geiger scores Ryan Chicoine to third Taylor Peavey to second Runner from 3rd tries for Home, SAFE, throw by RF to home
|
|
Pitching: RHP Toby Riley
|
|
|
Batting: SHB Jack Andrews
|
0-0: Ball 1-0: Ball 2-0: Foul Ball, location: 2F 2-1: SINGLE (Groundball, 34S, EV 70.6 MPH) (infield hit) Taylor Peavey to third Jordan Fairburn to second
|
|
Batting: RHB Mike Johnson
|
0-0: SINGLE (Groundball, 56D, EV 98.1 MPH) Taylor Peavey scores Jordan Fairburn to third Jack Andrews to second Runner from 3rd tries for Home, SAFE, throw by LF to home
|
|
Batting: RHB Wade Diamond
|
0-0: Ball Jack Andrews steals 3rd base 1-0: Foul Ball, location: 2F 1-1: 3-RUN HOME RUN (Flyball, 9D, EV 101.2 MPH), Distance : 376 ft
|
|
Batting: RHB Rich Cracchiolo
|
0-0: Called Strike 0-1: Foul Ball, location: 2F 0-2: Ball 1-2: Ball 2-2: Foul Ball, location: 2F 2-2: Strikes out swinging
|
|
Batting: RHB Tokuji Kawabata
|
0-0: Ball 1-0: Fly out, F9 (Line Drive, 9, EV 94.4 MPH)
|
| Top of the 2nd over - 10 runs, 8 hits, 0 errors, 0 left on base; Bluefield 10 - Great Falls 2 |
| BOTTOM OF THE 2ND |
|
Great Falls Voyagers batting - Pitching for Bluefield Blue Jays : LHP Jon Moore
|
|
Batting: RHB Tommy Ellington
|
0-0: Swinging Strike 0-1: Swinging Strike 0-2: Foul Ball, location: 2F 0-2: Fly out, F7 (Flyball, 7, EV 75.6 MPH)
|
|
Batting: SHB Matt Childers
|
0-0: Fly out, F8 (Line Drive, 8LD, EV 90.0 MPH)
|
|
Batting: RHB Billy Grubbs
|
0-0: Called Strike 0-1: Ball 1-1: Called Strike 1-2: Fly out, F9 (Line Drive, 9, EV 97.5 MPH)
|
| Bottom of the 2nd over - 0 runs, 0 hits, 0 errors, 0 left on base; Bluefield 10 - Great Falls 2 |
| TOP OF THE 3RD |
|
Bluefield Blue Jays batting - Pitching for Great Falls Voyagers : RHP Toby Riley
|
|
Batting: RHB Justin Geiger
|
0-0: Fly out, F3 (Popup, 23F, EV 86.9 MPH)
|
|
Batting: SHB Ryan Chicoine
|
0-0: Ball 1-0: Ball 2-0: Ball 3-0: Called Strike 3-1: Called Strike 3-2: Base on Balls
|
|
Batting: RHB Taylor Peavey
|
0-0: Foul Ball, location: 2F 0-1: Ball 1-1: Foul Ball, location: 2F 1-2: Grounds into double play, 6-4-3 (Groundball, 6, EV 106.9 MPH)
|
| Top of the 3rd over - 0 runs, 0 hits, 0 errors, 0 left on base; Bluefield 10 - Great Falls 2 |
| BOTTOM OF THE 3RD |
|
Great Falls Voyagers batting - Pitching for Bluefield Blue Jays : LHP Jon Moore
|
|
Batting: SHB Jose Romo
|
0-0: Ball 1-0: Fly out, F7 (Flyball, 7S, EV 92.5 MPH)
|
|
Batting: RHB Josh Newby
|
0-0: Ball 1-0: Ball 2-0: Called Strike 2-1: Ball 3-1: Foul Ball, location: 2F 3-2: Fly out, F5 (Line Drive, 5, EV 69.4 MPH)
|
|
Batting: RHB Andy Cotton
|
0-0: Ball 1-0: Hit by Pitch
|
|
Batting: RHB Vic Lucatero
|
0-0: Ball 1-0: Ball 2-0: Foul Ball, location: 2F 2-1: Called Strike 2-2: Fly out, F9 (Flyball, 89M, EV 91.2 MPH)
|
| Bottom of the 3rd over - 0 runs, 0 hits, 0 errors, 1 left on base; Bluefield 10 - Great Falls 2 |
| TOP OF THE 4TH |
|
Bluefield Blue Jays batting - Pitching for Great Falls Voyagers : RHP Toby Riley
|
|
Batting: RHB Jordan Fairburn
|
0-0: Called Strike 0-1: Swinging Strike 0-2: Strikes out swinging
|
|
Batting: SHB Jack Andrews
|
0-0: Called Strike 0-1: Ground out 4-3 (Groundball, 34, EV 106.2 MPH)
|
|
Batting: RHB Mike Johnson
|
0-0: Ball 1-0: Ball 2-0: Swinging Strike 2-1: SINGLE (Groundball, 34S, EV 67.5 MPH) (infield hit)
|
|
Batting: RHB Wade Diamond
|
0-0: Ball 1-0: Ground out U3 (Groundball, 34S, EV 91.9 MPH)
|
| Top of the 4th over - 0 runs, 1 hit, 0 errors, 1 left on base; Bluefield 10 - Great Falls 2 |
| BOTTOM OF THE 4TH |
|
Great Falls Voyagers batting - Pitching for Bluefield Blue Jays : LHP Jon Moore
|
|
Batting: LHB Carlos Ramirez
|
0-0: Called Strike 0-1: Ball 1-1: Foul Ball, location: 2F 1-2: Ball 2-2: Strikes out swinging
|
|
Batting: LHB Josh Pittman
|
0-0: Foul Ball, location: 2F 0-1: Ball 1-1: Called Strike 1-2: Ball 2-2: Foul Ball, location: 2F 2-2: Ball 3-2: SOLO HOME RUN (Flyball, 9LD, EV 95.6 MPH), Distance : 353 ft
|
|
Batting: RHB Tommy Ellington
|
0-0: Fly out, F8 (Line Drive, 8LD, EV 100.6 MPH)
|
|
Batting: SHB Matt Childers
|
0-0: Ball 1-0: Called Strike 1-1: Foul Ball, location: 2F 1-2: Fly out, F3 (Popup, 34, EV 66.2 MPH)
|
| Bottom of the 4th over - 1 run, 1 hit, 0 errors, 0 left on base; Bluefield 10 - Great Falls 3 |
| TOP OF THE 5TH |
|
Bluefield Blue Jays batting - Pitching for Great Falls Voyagers : RHP Toby Riley
|
|
Batting: RHB Rich Cracchiolo
|
0-0: Called Strike 0-1: Ball 1-1: Foul Ball, location: 2F 1-2: Foul Ball, location: 2F 1-2: Strikes out swinging
|
|
Batting: RHB Tokuji Kawabata
|
0-0: Foul Ball, location: 2F 0-1: Ball 1-1: Ball 2-1: Called Strike 2-2: Strikes out swinging
|
|
Pitching: RHP Ivan Gaona
|
|
|
Batting: RHB Justin Geiger
|
0-0: Foul Ball, location: 2F 0-1: Ground out 6-3 (Groundball, 6, EV 85.0 MPH)
|
| Top of the 5th over - 0 runs, 0 hits, 0 errors, 0 left on base; Bluefield 10 - Great Falls 3 |
| BOTTOM OF THE 5TH |
|
Great Falls Voyagers batting - Pitching for Bluefield Blue Jays : LHP Jon Moore
|
|
Batting: RHB Billy Grubbs
|
0-0: Called Strike 0-1: Swinging Strike 0-2: Strikes out swinging
|
|
Batting: SHB Jose Romo
|
0-0: Ball 1-0: Swinging Strike 1-1: SINGLE (Line Drive, 3D, EV 103.8 MPH)
|
|
Batting: RHB Josh Newby
|
0-0: Ball 1-0: Called Strike 1-1: Called Strike Jose Romo steals 2nd base (no throw) 1-2: Ball 2-2: Ball 3-2: Base on Balls
|
|
Batting: RHB Andy Cotton
|
0-0: Called Strike 0-1: Ball 1-1: Ball 2-1: Ball 3-1: Base on Balls Jose Romo to third Josh Newby to second
|
|
Batting: RHB Vic Lucatero
|
0-0: Ball 1-0: Ball 2-0: Called Strike 2-1: Swinging Strike 2-2: Fly out, F6 (Popup, 4MD, EV 51.2 MPH)
|
|
Batting: LHB Carlos Ramirez
|
0-0: Called Strike 0-1: Called Strike 0-2: Ball 1-2: Strikes out swinging
|
| Bottom of the 5th over - 0 runs, 1 hit, 0 errors, 3 left on base; Bluefield 10 - Great Falls 3 |
| TOP OF THE 6TH |
|
Bluefield Blue Jays batting - Pitching for Great Falls Voyagers : RHP Ivan Gaona
|
|
Batting: SHB Ryan Chicoine
|
0-0: Called Strike 0-1: Ball 1-1: Ball 2-1: Foul Ball, location: 2F 2-2: Foul Ball, location: 2F 2-2: Ball 3-2: Foul Ball, location: 2F 3-2: Ground out 5-3 (Groundball, 56S, EV 85.6 MPH)
|
|
Batting: RHB Taylor Peavey
|
0-0: Ball 1-0: Ball 2-0: Ball 3-0: Base on Balls
|
|
Batting: RHB Jordan Fairburn
|
0-0: Called Strike 0-1: SINGLE (Groundball, 6MD, EV 98.1 MPH) Taylor Peavey to second
|
|
Batting: SHB Jack Andrews
|
0-0: Ball 1-0: Foul Ball, location: 2F 1-1: TRIPLE (Flyball, 7D, EV 100.6 MPH) Taylor Peavey scores Jordan Fairburn scores
|
|
Batting: RHB Mike Johnson
|
0-0: Swinging Strike 0-1: Ball 1-1: Foul Ball, location: 2F 1-2: Ball 2-2: Foul Ball, location: 2F 2-2: Ground out 5-3 (Groundball, 56, EV 85.0 MPH) Jack Andrews scores
|
|
Batting: RHB Wade Diamond
|
0-0: Ground out 6-3 (Groundball, 6, EV 104.4 MPH)
|
| Top of the 6th over - 3 runs, 2 hits, 0 errors, 0 left on base; Bluefield 13 - Great Falls 3 |
| BOTTOM OF THE 6TH |
|
Great Falls Voyagers batting - Pitching for Bluefield Blue Jays : LHP Jon Moore
|
|
Batting: LHB Josh Pittman
|
0-0: Ground out 1-3 (Groundball, 23, EV 70.6 MPH)
|
|
Batting: RHB Tommy Ellington
|
0-0: Foul Ball, location: 2F 0-1: SINGLE (Groundball, 34D, EV 95.6 MPH)
|
|
Batting: SHB Matt Childers
|
0-0: Foul Ball, location: 2F 0-1: Called Strike 0-2: Ball 1-2: Fly out, F4 (Line Drive, 4, EV 67.5 MPH)
|
|
Batting: RHB Billy Grubbs
|
0-0: Called Strike 0-1: Ball 1-1: Foul Ball, location: 2F 1-2: Foul Ball, location: 2F 1-2: Foul Ball, location: 2F 1-2: Strikes out swinging
|
| Bottom of the 6th over - 0 runs, 1 hit, 0 errors, 1 left on base; Bluefield 13 - Great Falls 3 |
| TOP OF THE 7TH |
|
Bluefield Blue Jays batting - Pitching for Great Falls Voyagers : RHP Ivan Gaona
|
|
Pinch Hitting: SHB Zach Hillard
|
0-0: Ball 1-0: Called Strike 1-1: Swinging Strike 1-2: Foul Ball, location: 2F 1-2: Strikes out swinging
|
|
Batting: RHB Tokuji Kawabata
|
0-0: Ball 1-0: Called Strike 1-1: DOUBLE (Flyball, 8LD, EV 105.0 MPH)
|
|
Batting: RHB Justin Geiger
|
0-0: Called Strike 0-1: Fly out, F9 (Flyball, 9S, EV 90.6 MPH)
|
|
Batting: SHB Ryan Chicoine
|
0-0: Called Strike 0-1: Ball 1-1: Ball 2-1: Ball 3-1: Foul Ball, location: 2F 3-2: Foul Ball, location: 2F 3-2: Base on Balls
|
|
Batting: RHB Taylor Peavey
|
0-0: Called Strike 0-1: Swinging Strike 0-2: Ball 1-2: Foul Ball, location: 2F 1-2: Ball 2-2: Fly out, F5 (Line Drive, 5, EV 61.9 MPH)
|
| Top of the 7th over - 0 runs, 1 hit, 0 errors, 2 left on base; Bluefield 13 - Great Falls 3 |
| BOTTOM OF THE 7TH |
|
Great Falls Voyagers batting - Pitching for Bluefield Blue Jays : LHP Jon Moore
|
|
Pitching: RHP Joe Spencer
|
|
|
Now in RF: Zach Hillard
|
|
|
Batting: SHB Jose Romo
|
0-0: Called Strike 0-1: Called Strike 0-2: Ball 1-2: Ball 2-2: Strikes out looking
|
|
Batting: RHB Josh Newby
|
0-0: Ball 1-0: Ball 2-0: Ball 3-0: Base on Balls
|
|
Batting: RHB Andy Cotton
|
0-0: Ball Josh Newby steals 2nd base (no throw) 1-0: Foul Ball, location: 2F 1-1: Foul Ball, location: 2F 1-2: Ball 2-2: Ball 3-2: Ground out 5-3 (Groundball, 56, EV 108.8 MPH)
|
|
Batting: RHB Vic Lucatero
|
0-0: Called Strike 0-1: Called Strike 0-2: Ball 1-2: Ball 2-2: Ground out U3 (Groundball, 34S, EV 88.8 MPH)
|
| Bottom of the 7th over - 0 runs, 0 hits, 0 errors, 1 left on base; Bluefield 13 - Great Falls 3 |
| TOP OF THE 8TH |
|
Bluefield Blue Jays batting - Pitching for Great Falls Voyagers : RHP Ivan Gaona
|
|
Batting: RHB Jordan Fairburn
|
0-0: Ball 1-0: Ball 2-0: Ball 3-0: Base on Balls
|
|
Pitching: LHP Marty de la Rosa
|
|
|
Batting: SHB Jack Andrews
|
0-0: Ball 1-0: Ball 2-0: Reached on error, E6 (Groundball, 6, EV 86.2 MPH) Jordan Fairburn to second
|
|
Batting: RHB Mike Johnson
|
0-0: Foul Ball, location: 2F 0-1: Swinging Strike 0-2: Ball 1-2: Foul Ball, location: 2F 1-2: Fly out, F4 (Popup, 4M, EV 72.5 MPH)
|
|
Batting: RHB Wade Diamond
|
0-0: Ball 1-0: Ball 2-0: Ball 3-0: Called Strike 3-1: Base on Balls Jordan Fairburn to third Jack Andrews to second
|
|
Batting: SHB Zach Hillard
|
0-0: Foul Ball, location: 2F 0-1: Ball 1-1: Fly out, F3 (Popup, 23F, EV 88.1 MPH)
|
|
Batting: RHB Tokuji Kawabata
|
0-0: Ball 1-0: Ball 2-0: Ball 3-0: Called Strike 3-1: Swinging Strike 3-2: Foul Ball, location: 2F 3-2: Base on Balls Jordan Fairburn scores Jack Andrews to third Wade Diamond to second
|
|
Batting: RHB Justin Geiger
|
0-0: Ball 1-0: Ground out 4-3 (Groundball, 4D, EV 87.5 MPH)
|
| Top of the 8th over - 1 run, 0 hits, 1 error, 3 left on base; Bluefield 14 - Great Falls 3 |
| BOTTOM OF THE 8TH |
|
Great Falls Voyagers batting - Pitching for Bluefield Blue Jays : RHP Joe Spencer
|
|
Batting: LHB Carlos Ramirez
|
0-0: Called Strike 0-1: Foul Ball, location: 2F 0-2: Ball 1-2: Foul Ball, location: 2F 1-2: Strikes out swinging
|
|
Batting: LHB Josh Pittman
|
0-0: Ball 1-0: Ball 2-0: Foul Ball, location: 2F 2-1: Called Strike 2-2: Ground out 1-3 (Groundball, 15S, EV 67.5 MPH)
|
|
Batting: RHB Tommy Ellington
|
0-0: Ball 1-0: Ball 2-0: Ball 3-0: Called Strike 3-1: Base on Balls
|
|
Batting: SHB Matt Childers
|
0-0: Called Strike 0-1: Ball 1-1: Swinging Strike 1-2: Ball 2-2: Strikes out swinging
|
| Bottom of the 8th over - 0 runs, 0 hits, 0 errors, 1 left on base; Bluefield 14 - Great Falls 3 |
| TOP OF THE 9TH |
|
Bluefield Blue Jays batting - Pitching for Great Falls Voyagers : LHP Marty de la Rosa
|
|
Batting: SHB Ryan Chicoine
|
0-0: Ball 1-0: Ball 2-0: Ball 3-0: Foul Ball, location: 2F 3-1: Base on Balls
|
|
Batting: RHB Taylor Peavey
|
0-0: Ball 1-0: Called Strike 1-1: Swinging Strike 1-2: Foul Ball, location: 2F 1-2: Ball 2-2: Foul Ball, location: 2F 2-2: Ball Wild Pitch! Ryan Chicoine to second 3-2: 2-RUN HOME RUN (Line Drive, 7D, EV 99.4 MPH), Distance : 397 ft
|
|
Batting: RHB Jordan Fairburn
|
0-0: Ground out 5-3 (Groundball, 56, EV 105.0 MPH)
|
|
Batting: SHB Jack Andrews
|
0-0: Called Strike 0-1: Ball 1-1: Swinging Strike 1-2: Ball 2-2: Strikes out swinging
|
|
Batting: RHB Mike Johnson
|
0-0: Ball 1-0: Called Strike 1-1: Foul Ball, location: 2F 1-2: Fly out, F9 (Flyball, 89M, EV 93.1 MPH)
|
| Top of the 9th over - 2 runs, 1 hit, 0 errors, 0 left on base; Bluefield 16 - Great Falls 3 |
| BOTTOM OF THE 9TH |
|
Great Falls Voyagers batting - Pitching for Bluefield Blue Jays : RHP Joe Spencer
|
|
Pitching: LHP Bruce Knight
|
|
|
Batting: RHB Billy Grubbs
|
0-0: Foul Ball, location: 2F 0-1: Ball 1-1: Foul Ball, location: 2F 1-2: Strikes out swinging
|
|
Batting: SHB Jose Romo
|
0-0: Called Strike 0-1: Ball 1-1: DOUBLE (Line Drive, 78M, EV 101.2 MPH)
|
|
Batting: RHB Josh Newby
|
0-0: Ball 1-0: Called Strike 1-1: Swinging Strike 1-2: Ball 2-2: 2-RUN HOME RUN (Flyball, 78XD, EV 100.0 MPH), Distance : 403 ft
|
|
Batting: RHB Andy Cotton
|
0-0: Hit by Pitch
|
|
Batting: RHB Vic Lucatero
|
0-0: Ball 1-0: Called Strike 1-1: Foul Ball, location: 2F 1-2: Strikes out swinging
|
|
Batting: LHB Carlos Ramirez
|
0-0: Ball 1-0: Foul Ball, location: 2F 1-1: Called Strike 1-2: Foul Ball, location: 2F 1-2: Ball 2-2: Strikes out swinging
|
| Bottom of the 9th over - 2 runs, 2 hits, 0 errors, 1 left on base; Bluefield 16 - Great Falls 5 |
|